 Dungeon Crawl Stone Soup version 0.26-a0-639-g72c4674329 (webtiles) character file.

Game seed: 6077885766298854669

1256 ANON1729 the Skirmisher (level 8, -12/52 HPs)
             Began as a Gargoyle Fighter on Sept 15, 2020.
             Mangled by a two-headed ogre
             ... wielding a +0 giant club
              (25 damage)
             ... on level 5 of the Dungeon.
             The game lasted 00:06:36 (4869 turns).

ANON1729 the Skirmisher (Gargoyle Fighter)          Turns: 4869, Time: 00:06:36

Health: -12/52     AC: 13    Str: 22    XL:     8   Next: 51%
Magic:  8/8        EV:  8    Int:  9    God:
Gold:   179        SH: 10    Dex:  9    Spells: 7/7 levels left

rFire    . . .     SeeInvis .   x - +3 flail
rCold    . . .     Faith    .   c - +0 kite shield
rNeg     + . .     Spirit   .   b - +0 scale mail
rPois    ∞         Reflect  .   (no helmet)
rElec    +         Harm     .   (no cloak)
rCorr    .         Rampage  .   (no gloves)
MR       .....                  (no boots)
Stlth    ..........             (no amulet)
HPRegen  0.17/turn              (no ring)
MPRegen  0.11/turn              (no ring)

@: no status effects
A: negative energy resistance 1, electricity resistance, unbreathing,
petrification resistance, rot immunity, AC +5
a: no special abilities


You were on level 5 of the Dungeon.
You visited 1 branch of the dungeon, and saw 5 of its levels.

You collected 179 gold pieces.

Inventory:

Hand Weapons
 a - a +0 flail
 x - a +3 flail (weapon)
Missiles
 w - 6 atropa-tipped darts (quivered)
Armour
 b - a +0 scale mail (worn)
 c - a +0 kite shield (worn)
 r - a +0 leather armour
Jewellery
 o - an uncursed ring of protection from fire {unknown}
 p - an uncursed ring of ice {unknown}
 y - a +6 ring of intelligence
Wands
 n - a wand of disintegration (8)
 v - a wand of digging (5)
 B - a wand of flame (22)
Scrolls
 e - 7 scrolls of identify {unknown}
 f - 6 scrolls of remove curse {unknown}
 g - 2 scrolls of noise {unknown}
 h - a scroll of fog {unknown}
 k - 2 scrolls of enchant armour {unknown}
 q - a scroll of random uselessness {unknown}
 s - 2 scrolls of fear {unknown}
 t - 2 scrolls of blinking {unknown}
 u - a scroll of magic mapping {unknown}
 z - a scroll of acquirement {unknown}
 A - a scroll of teleportation {unknown}
Potions
 d - a potion of might
 j - 2 potions of heal wounds {unknown}
 l - a potion of lignification {unknown}
 m - a potion of curing


   Skills:
 + Level 6.4 Fighting
 + Level 5.3 Maces & Flails
 + Level 6.3 Armour
 + Level 6.3 Shields


You had 7 spell levels left.
You didn't know any spells.
Your spell library was empty.

Dungeon Overview and Level Annotations

Branches:
Dungeon (5/15)
 Temple: D:4-7

Altars:
Cheibriados
Elyvilon
Nemelex Xobeh

Shops:
D:4 [


Innate Abilities, Weirdness & Mutations

You are resistant to torment.
Your stone body is resilient. (AC +5)
You are immune to poison.
You resist negative energy. (rN+)
You are resistant to electric shocks. (rElec)
You can survive without breathing.
You are immune to petrification.
You are immune to rotting.


Message History

You are too injured to fight recklessly!
You are too injured to fight recklessly!
You are too injured to fight recklessly!
You are too injured to fight recklessly!
You are too injured to fight recklessly!
You are too injured to fight recklessly!
You are too injured to fight recklessly!
You are too injured to fight recklessly!
You are too injured to fight recklessly!
You are too injured to fight recklessly!
You are too injured to fight recklessly!
You hit the two-headed ogre.
The two-headed ogre is severely wounded.
You block the two-headed ogre's attack.
The two-headed ogre hits you with a +0 giant club!
* * * LOW HITPOINT WARNING * * *
You hit the two-headed ogre.
The two-headed ogre is severely wounded.
The two-headed ogre hits you with a +0 giant club!!
You die...

......
#.#.........#
#.#.........
#.#........
#.#..$..... .
#.#.#........ (
#.#.#..(... .
#.#.##[..#
#.#.##...#
#...@O..(#
##..##...#
#..##...#
#..#...#####
#.>........#
##......)..#
#.#####.........#
#...............#
#######.........#


You could see a two-headed ogre.

Vanquished Creatures
  Sigmund (D:3)
  Menkaure (D:3)
  A phantom (D:4)
  A big kobold (D:4)
  A water moccasin zombie (D:5)
  A scorpion (D:3)
  2 howler monkeys (D:3)
  An orc priest (D:3)
  A gnoll shaman (D:4)
  2 bullfrog skeletons (D:5)
  A hound (D:4)
  An orc wizard (D:5)
  A centaur skeleton (D:4)
  Ijyb (D:4)
  Jessica (D:2)
  Natasha (thrice) (D:2)
  Terence (D:2)
  2 worker ants (D:4)
  A hound zombie (D:5)
  A howler monkey zombie (D:5)
  4 gnolls
  4 adders (D:3)
  A shadow imp (D:3)
  An adder zombie (D:5)
  5 worms
  A dart slug (D:4)
  2 leopard geckos
  22 orcs
  3 bats
  5 giant cockroaches
  6 goblins
  4 hobgoblins (D:1)
  9 jackals
  2 quokkas
  3 ball pythons
  5 frilled lizards
  A giant cockroach zombie (D:5)
  A jackal skeleton (D:5)
  13 kobolds
  A leopard gecko skeleton (D:5)
  A quokka skeleton (D:5)
  A quokka zombie (D:5)
  9 rats
129 creatures vanquished.

Vanquished Creatures (others)
  6 withered plants (D:5)
6 creatures vanquished.

Grand Total: 135 creatures vanquished

Notes
Turn   | Place    | Note
-------+----------+-------------------------------------------
     0 | D:1      | ANON1729 the Gargoyle Fighter began the quest for the Orb.
     0 | D:1      | Reached XP level 1. HP: 14/14 MP: 1/1
   149 | D:1      | Reached XP level 2. HP: 14/19 MP: 2/2
   923 | D:2      | Noticed Natasha
   927 | D:2      | Killed Natasha
   927 | D:2      | Reached XP level 3. HP: 19/24 MP: 3/3
  1160 | D:2      | Noticed Natasha
  1167 | D:2      | Killed Natasha
  1167 | D:2      | Reached XP level 4. HP: 11/29 MP: 4/4
  1600 | D:2      | Noticed Natasha
  1606 | D:2      | Killed Natasha
  1611 | D:2      | Noticed Jessica
  1631 | D:2      | Killed Jessica
  1631 | D:2      | Reached XP level 5. HP: 22/33 MP: 5/5
  1769 | D:2      | You fall into a shaft and drop 2 floors!
  1787 | D:4      | Found a snail-covered altar of Cheibriados.
  1804 | D:5      | Entered Level 5 of the Dungeon
  1808 | D:4      | Noticed Ijyb
  1809 | D:4      | Found Menecaj's Antique Armour Boutique.
  2149 | D:3      | Found a sparkling altar of Nemelex Xobeh.
  2402 | D:3      | Reached XP level 6. HP: 38/39 MP: 6/6
  2437 | D:3      | Found a white marble altar of Elyvilon.
  2438 | D:3      | Noticed Sigmund
  2450 | D:3      | Killed Sigmund
  2450 | D:3      | Reached skill level 5 in Fighting
  2866 | D:2      | Noticed Terence
  2887 | D:2      | Killed Terence
  2887 | D:2      | Reached skill level 5 in Armour
  3036 | D:3      | Reached skill level 5 in Shields
  3036 | D:3      | Reached XP level 7. HP: 30/44 MP: 7/7
  3555 | D:4      | Noticed Menkaure
  3559 | D:4      | Paralysed by Ijyb for 3 turns
  3569 | D:3      | Killed Menkaure
  3676 | D:4      | Paralysed by Ijyb for 5 turns
  3690 | D:4      | Killed Ijyb
  3815 | D:4      | Reached XP level 8. HP: 40/51 MP: 8/8
  4392 | D:4      | Reached skill level 5 in Maces & Flails
  4848 | D:5      | Noticed a two-headed ogre
  4869 | D:5      | Mangled by a two-headed ogre

Illustrated notes

Levels and vault maps discovered:
D:1:      ebering_trefoil_twist, layout_basic, serial_forest,
          infiniplex_forest_end_3, infiniplex_forest_zigzag_1,
          infiniplex_forest_diagonal, infiniplex_forest_lined_ring,
          infiniplex_forest_clump_small, infiniplex_forest_zigzag_2,
          infiniplex_forest_clump_long, infiniplex_forest_lined_room_
D:2:      layout_basic, uniq_terence, uniq_jessica, uniq_natasha
D:3:      layout_loops_cross, elyvilon_altar_1, marbit_many_paths, uniq_sigmund
D:4:      layout_rooms, kennysheep_slug_shrine, serial_shops, shop, uniq_ijyb,
          uniq_menkaure
D:5:      layout_basic, nicolae_ru_awakened_eye, serial_undead, serial_undead_e,
          serial_undead_b, serial_undead_e, serial_undead_f

Skill      XL: |  1  2  3  4  5  6  7  8 |
---------------+-------------------------+-----
Fighting       | 4 5 6 |  6.4
Maces & Flails | 3 4 5 |  5.3
Armour         | 4 5 6 |  6.3
Shields        | 4 5 6 |  6.3

Action                   |  1- 3 |  4- 6 |  7- 9 || total
-------------------------+-------+-------+-------++-------
Melee: Flail             |    85 |   182 |   301 ||   568
Throw: Throwing net      |       |       |     3 ||     3
       Dart              |       |       |     1 ||     1
Evoke: Wand              |       |       |     6 ||     6
Armor: Scale mail        |    32 |   137 |   264 ||   433
Dodge: Dodged            |    36 |    93 |   169 ||   298
Block: Kite shield       |    34 |   123 |   263 ||   420

Table legend: (Time is in decaauts)
 A = Elapsed time spent in this place.
 B = Non-inter-level travel time spent in this place.
 C = Inter-level travel time spent in this place.
 D = Time resting spent in this place.
 E = Time spent auto-exploring this place.
 F = Levels seen in this place.
 G = Mean time per level.
                   A        B        C        D        E       F      G
               +--------+--------+--------+--------+--------+-----+--------+
         Total |   5047 |   4890 |    157 |   1580 |   2172 |   5 | 1009.4 |
       Dungeon |   5047 |   4890 |    157 |   1580 |   2172 |   5 | 1009.4 |
               +--------+--------+--------+--------+--------+-----+--------+

Top non-repeatable levels by time:
     D:3: 1557 daAuts
     D:2: 1297 daAuts
     D:4: 1052 daAuts
     D:1: 910 daAuts
     D:5: 229 daAuts
